 Dungeon Crawl Stone Soup version 0.27.1-34-g3ba077fa99 (webtiles) character file.

Game seed: 14122538491118646111

82 zeram the Covert (level 4, -1/29 HPs)
             Began as an Octopode Brigand on Jan 2, 2022.
             Slain by a phantom (9 damage)
             ... on level 3 of the Dungeon.
             The game lasted 00:02:21 (1968 turns).

zeram the Covert (Octopode Brigand)                 Turns: 1968, Time: 00:02:22

Health: -1/29      AC:  1    Str: 10    XL:     4   Next: 43%
Magic:  4/4        EV: 12    Int: 14    God:
Gold:   83         SH:  0    Dex: 13    Spells: 3/3 levels left

rFire    . . .     SeeInvis .   a - +2 dagger
rCold    . . .     Faith    .   (no shield)
rNeg     . . .     Spirit   .   (helmet restricted)
rPois    .         Reflect  .   (no amulet)
rElec    .         Harm     .   (no ring)
rCorr    .         Rampage  .   (no ring)
Will     .....                  (no ring)
Stlth    +++++.....             (no ring)
HPRegen  0.09/turn              (no ring)
MPRegen  0.09/turn              (no ring)
                                (no ring)
                                (no ring)

@: attractive
A: almost no armour, amphibious, 8 rings, camouflage 1, gelatinous body 1,
(nimble swimmer 1), tentacles
a: no special abilities


You were on level 3 of the Dungeon.
You visited 1 branch of the dungeon, and saw 3 of its levels.

You collected 83 gold pieces.

Inventory:

Hand Weapons
 a - a +2 dagger (weapon)
Missiles
 b - 8 poisoned darts (quivered)
 c - 10 curare-tipped darts
 h - 2 atropa-tipped darts
Wands
 e - a wand of paralysis (11)
Scrolls
 f - a scroll of teleportation
 g - a scroll of enchant armour
 j - a scroll of summoning {unknown}
Potions
 d - a potion of brilliance


   Skills:
 - Level 2.0 Fighting
 - Level 2.0 Short Blades
 - Level 2.0 Throwing
 - Level 1.0 Dodging
 + Level 8.0 Stealth


You had 3 spell levels left.
You didn't know any spells.
Your spell library was empty.

Dungeon Overview and Level Annotations

Branches:
Dungeon (3/15)

Altars:


Innate Abilities, Weirdness & Mutations

You cannot wear most types of armour.
You are amphibious.
You can wear up to eight rings at the same time.
Your skin changes colour to match your surroundings (Stealth+).
Your rubbery body absorbs attacks. (AC +1, EV +1)
((You are camouflaged near water. (Stealth+)))
You have tentacles for arms and can constrict up to eight enemies at once.


Message History

You hit the phantom.
The phantom is lightly damaged.
The phantom barely misses you.
You hit the phantom.
The phantom is lightly damaged.
The phantom hits you.
You closely miss the phantom. You squeeze the phantom!
The phantom is moderately damaged.
The phantom hits you!
You hit the phantom.
The phantom is heavily damaged.
The phantom misses you.
You hit the phantom. Your squeeze misses the phantom.
The phantom is heavily damaged.
You completely miss the phantom. Your squeeze misses the phantom.
The phantom is heavily damaged.
The phantom barely misses you.
You closely miss the phantom. Your squeeze misses the phantom.
The phantom is heavily damaged.
The phantom barely misses you.
You hit the phantom.
The phantom is heavily damaged.
The phantom hits you but does no damage.
You hit the phantom but do no damage.
The phantom is heavily damaged.
The phantom hits you.
You closely miss the phantom.
The phantom is heavily damaged.
The phantom hits you.
The phantom blinks!
You blink.
You hit the phantom but do no damage.
The phantom is heavily damaged.
The phantom hits you.
You barely miss the phantom.
The phantom is heavily damaged.
The phantom hits you.
* * * LOW HITPOINT WARNING * * *
It was a potion of attraction.
You feel attractive to monsters. The phantom hits you!
You die...

#(.....##....##......#
#..)....#.##..##.#.....#
#.#....#.#.#..#.#.#.$..#
#......##.#....#.##.(..#
#.....#.##......##†#..
#.#..#.#......(...#.#
..... #............##..#
.......W.......#
.......@.........#
#####.#+....###....
#....#### #### #.....
....... ........ ...
....+ ....#


You could see a phantom.

Vanquished Creatures
  3 adders (D:2)
  3 worms
  8 ball pythons
  5 bats
  4 endoplasms
  A giant cockroach (D:1)
  6 goblins
  2 hobgoblins
  2 quokkas
  3 frilled lizards (D:1)
  6 kobolds
  4 rats
47 creatures vanquished.

Notes
Turn   | Place    | Note
-------+----------+-------------------------------------------
     0 | D:1      | zeram the Octopode Brigand began the quest for the Orb.
     0 | D:1      | Reached XP level 1. HP: 14/14 MP: 1/1
   134 | D:1      | Reached XP level 2. HP: 12/19 MP: 2/2
   256 | D:1      | Reached skill level 6 in Stealth
   533 | D:1      | Reached XP level 3. HP: 24/24 MP: 3/3
   688 | D:1      | Found a faded altar of an unknown god.
   964 | D:1      | Reached skill level 7 in Stealth
  1523 | D:2      | Reached XP level 4. HP: 29/29 MP: 4/4
  1896 | D:3      | Reached skill level 8 in Stealth
  1947 | D:3      | Noticed a phantom
  1968 | D:3      | Slain by a phantom

Illustrated notes

Levels and vault maps discovered:
D:1:      tarquinn_simple_flora_water_e, layout_loops_ring,
          shapermc_ecumenical_altar_pompeii, minmay_misc_feat_encased
D:2:      layout_rooms
D:3:      layout_loops_corners, minmay_misc_feat_secret_circle,
          hangedman_decor_push

Skill      XL: |  1  2  3  4 |
---------------+-------------+-----
Stealth        | 6 7 8 |  8.0
Fighting       | |  2.0
Short Blades   | |  2.0
Throwing       | |  2.0
Dodging        | |  1.0

Action                   |  1- 3 |  4- 6 || total
-------------------------+-------+-------++-------
Melee: Dagger            |    67 |    23 ||    90
       Constrict         |    13 |     2 ||    15
       Tentacles         |    13 |     1 ||    14
  Use: Scroll            |     3 |     2 ||     5
       Potion            |       |     1 ||     1
 Stab: Sleeping          |    13 |     5 ||    18
Armor: Skin              |     2 |     2 ||     4
Dodge: Dodged            |    33 |     6 ||    39
